TOP OF THE 1ST |
Oakland Oaks batting - Pitching for Wizarding Express : LHP Finn Wuilink
|
Pitching: LHP Finn Wuilink
|
|
Batting: RHB Esteban Vázquez
|
0-0: Bunted foul 0-1: Ball 1-1: Ball 2-1: SINGLE (Groundball, 56) (infield hit)
|
Pitching: LHP Hao Wei
|
|
Batting: RHB Yehonatan Chazan
|
0-0: Ball Esteban Vázquez is caught stealing 2nd base 1-0: Ball 2-0: Called Strike 2-1: Ball 3-1: Called Strike 3-2: Base on Balls
|
Batting: RHB Alfonso Nazario
|
0-0: Ball 1-0: Called Strike 1-1: Swinging Strike 1-2: DOUBLE (Flyball, 78XD) Yehonatan Chazan to third Runner from 3rd tries for Home, SAFE, no throw
|
Batting: RHB Joseph Papasogli
|
0-0: SINGLE (Line Drive, 78S) Alfonso Nazario to third Runner from 3rd tries for Home, SAFE, no throw
|
Batting: RHB Colin O'Connell
|
0-0: Ball 1-0: Called Strike 1-1: Fly out, F9 (Flyball, 89S)
|
Batting: RHB Armando Rodríguez
|
0-0: Ball 1-0: Ball 2-0: Called Strike 2-1: Fly out, F7 (Flyball, 78D)
|
Top of the 1st over - 2 runs, 3 hits, 0 errors, 1 left on base; Oakland 2 - Wizarding 0 |
BOTTOM OF THE 1ST |
Wizarding Express batting - Pitching for Oakland Oaks : RHP Mal Houser
|
Pitching: RHP Mal Houser
|
|
Batting: LHB Jesús Lazcano
|
0-0: Called Strike 0-1: Ball 1-1: Ground out 3-1 (Groundball, 34S)
|
Batting: RHB Ralph Cranford
|
0-0: Ball 1-0: Ball 2-0: Called Strike 2-1: Ground out 6-3 (Groundball, 6)
|
Batting: LHB José Corona
|
0-0: Ball 1-0: Ball 2-0: Swinging Strike 2-1: Swinging Strike 2-2: Ball 3-2: Strikes out looking
|
Bottom of the 1st over - 0 runs, 0 hits, 0 errors, 0 left on base; Oakland 2 - Wizarding 0 |
TOP OF THE 2ND |
Oakland Oaks batting - Pitching for Wizarding Express : LHP Hao Wei
|
Batting: RHB Mike Wazowski
|
0-0: Ball 1-0: Ground out 5-3 (Groundball, 56)
|
Batting: RHB Mark Finney
|
0-0: Ball 1-0: Foul Ball, location: 2F 1-1: Ball 2-1: Fly out, F7 (Flyball, 7LS)
|
Batting: SHB Luis Luquín
|
0-0: Ball 1-0: Ball 2-0: Called Strike 2-1: Called Strike 2-2: Ball 3-2: Foul Ball, location: 2F 3-2: Ground out 6-3 (Groundball, 6)
|
Top of the 2nd over - 0 runs, 0 hits, 0 errors, 0 left on base; Oakland 2 - Wizarding 0 |
BOTTOM OF THE 2ND |
Wizarding Express batting - Pitching for Oakland Oaks : RHP Mal Houser
|
Batting: LHB Nathan Tanner
|
0-0: Foul Ball, location: 2F 0-1: Called Strike 0-2: Strikes out swinging
|
Batting: LHB Jin-yong Myung
|
0-0: Ball 1-0: Ball 2-0: Swinging Strike 2-1: Ball 3-1: Base on Balls
|
Batting: SHB Salvador Trevino
|
0-0: Ground out 6-3 (Groundball, 6MS) Jin-yong Myung to second
|
Batting: LHB António Boccanegra
|
0-0: Called Strike 0-1: SINGLE (Groundball, 6MD) Jin-yong Myung to third
|
Batting: RHB Paul Penrice
|
0-0: Ball 1-0: Ball 2-0: Ball 3-0: Called Strike 3-1: Base on Balls António Boccanegra to second
|
Batting: LHB José Cuervo
|
0-0: Ball 1-0: Foul Ball, location: 2F 1-1: Ball 2-1: Swinging Strike 2-2: Ground out 1-3 (Groundball, 13S)
|
Bottom of the 2nd over - 0 runs, 1 hit, 0 errors, 3 left on base; Oakland 2 - Wizarding 0 |
TOP OF THE 3RD |
Oakland Oaks batting - Pitching for Wizarding Express : LHP Hao Wei
|
Batting: RHB Esteban Vázquez
|
0-0: Foul Ball, location: 2F 0-1: Foul Ball, location: 2F 0-2: Ball 1-2: Strikes out swinging
|
Batting: RHB Yehonatan Chazan
|
0-0: Ball 1-0: Foul Ball, location: 2F 1-1: Ball 2-1: Ball 3-1: Swinging Strike 3-2: Foul Ball, location: 2F 3-2: Fly out, F9 (Flyball, 9)
|
Batting: RHB Alfonso Nazario
|
0-0: Foul Ball, location: 2F 0-1: Ball 1-1: Ground out 5-3 (Groundball, 5S)
|
Top of the 3rd over - 0 runs, 0 hits, 0 errors, 0 left on base; Oakland 2 - Wizarding 0 |
BOTTOM OF THE 3RD |
Wizarding Express batting - Pitching for Oakland Oaks : RHP Mal Houser
|
Batting: LHB Jesús Lazcano
|
0-0: Ball 1-0: Ground out 4-3 (Groundball, 4)
|
Batting: RHB Ralph Cranford
|
0-0: Ball 1-0: Called Strike 1-1: Ball 2-1: Foul Ball, location: 2F 2-2: Ball 3-2: Foul Ball, location: 2F 3-2: Strikes out swinging
|
Batting: LHB José Corona
|
0-0: Ball 1-0: Called Strike 1-1: Called Strike 1-2: Ball 2-2: Ground out 4-3 (Groundball, 4D)
|
Bottom of the 3rd over - 0 runs, 0 hits, 0 errors, 0 left on base; Oakland 2 - Wizarding 0 |
TOP OF THE 4TH |
Oakland Oaks batting - Pitching for Wizarding Express : LHP Hao Wei
|
Batting: RHB Joseph Papasogli
|
0-0: Ball 1-0: Called Strike 1-1: Foul Ball, location: 2F 1-2: Ball 2-2: Strikes out swinging
|
Batting: RHB Colin O'Connell
|
0-0: Ball 1-0: Fly out, F7 (Flyball, 7LM)
|
Batting: RHB Armando Rodríguez
|
0-0: Ball 1-0: Called Strike 1-1: Ground out 3-1 (Groundball, 34S)
|
Top of the 4th over - 0 runs, 0 hits, 0 errors, 0 left on base; Oakland 2 - Wizarding 0 |
BOTTOM OF THE 4TH |
Wizarding Express batting - Pitching for Oakland Oaks : RHP Mal Houser
|
Batting: LHB Nathan Tanner
|
0-0: Ball 1-0: Ball 2-0: Ball 3-0: Base on Balls
|
Batting: LHB Jin-yong Myung
|
0-0: Called Strike 0-1: Ball 1-1: Ball 2-1: Ball 3-1: Grounds into double play, 6-4-3 (Groundball, 6)
|
Batting: SHB Salvador Trevino
|
0-0: Ball 1-0: Ball 2-0: Called Strike 2-1: Ground out 4-3 (Groundball, 34D)
|
Bottom of the 4th over - 0 runs, 0 hits, 0 errors, 0 left on base; Oakland 2 - Wizarding 0 |
TOP OF THE 5TH |
Oakland Oaks batting - Pitching for Wizarding Express : LHP Hao Wei
|
Pitching: RHP Brian Peeks
|
|
Batting: RHB Mike Wazowski
|
0-0: Called Strike 0-1: Called Strike 0-2: Ball 1-2: Strikes out swinging
|
Batting: RHB Mark Finney
|
0-0: Swinging Strike 0-1: Foul Ball, location: 2F 0-2: Ball 1-2: Foul Ball, location: 2F 1-2: Ground out 5-3 (Groundball, 56S)
|
Batting: SHB Luis Luquín
|
0-0: Ball 1-0: Foul Ball, location: 2F 1-1: Foul Ball, location: 2F 1-2: Foul Ball, location: 2F 1-2: Ground out 5-3 (Groundball, 5)
|
Top of the 5th over - 0 runs, 0 hits, 0 errors, 0 left on base; Oakland 2 - Wizarding 0 |
BOTTOM OF THE 5TH |
Wizarding Express batting - Pitching for Oakland Oaks : RHP Mal Houser
|
Batting: LHB António Boccanegra
|
0-0: Foul Ball, location: 2F 0-1: Called Strike 0-2: Ground out 3-1 (Groundball, 34S)
|
Batting: RHB Paul Penrice
|
0-0: Single, Error in OF, E7, batter to second base
|
Batting: LHB José Cuervo
|
0-0: DOUBLE (Groundball, 3L) Paul Penrice scores
|
Batting: LHB Jesús Lazcano
|
0-0: Called Strike José Cuervo steals 3rd base 0-1: Ground out 4-3 (Groundball, 4S) José Cuervo scores
|
Batting: RHB Ralph Cranford
|
0-0: Ball 1-0: Ground out 5-3 (Groundball, 56S)
|
Bottom of the 5th over - 2 runs, 2 hits, 1 error, 0 left on base; Oakland 2 - Wizarding 2 |
TOP OF THE 6TH |
Oakland Oaks batting - Pitching for Wizarding Express : RHP Brian Peeks
|
Batting: RHB Esteban Vázquez
|
0-0: Ball 1-0: Swinging Strike 1-1: Called Strike 1-2: Ball 2-2: Ball 3-2: Base on Balls
|
Batting: RHB Yehonatan Chazan
|
Pickoff Throw to First - Error! E1 Esteban Vázquez to second 0-0: Intentional Walk
|
Batting: RHB Alfonso Nazario
|
0-0: Ball 1-0: Ball 2-0: Called Strike 2-1: Called Strike 2-2: Ball 3-2: Foul Ball, location: 2F 3-2: Foul Ball, location: 2F 3-2: Strikes out looking
|
Batting: RHB Joseph Papasogli
|
0-0: Foul Ball, location: 2F 0-1: SINGLE (Groundball, 56D) Esteban Vázquez to third Yehonatan Chazan to second Runner from 3rd tries for Home, SAFE, no throw
|
Batting: RHB Colin O'Connell
|
0-0: Called Strike 0-1: Grounds into double play, 6-4-3 (Groundball, 6)
|
Top of the 6th over - 1 run, 1 hit, 1 error, 1 left on base; Oakland 3 - Wizarding 2 |
BOTTOM OF THE 6TH |
Wizarding Express batting - Pitching for Oakland Oaks : RHP Mal Houser
|
Batting: LHB José Corona
|
0-0: Called Strike 0-1: Ground out 3-1 (Groundball, 34S)
|
Batting: LHB Nathan Tanner
|
0-0: Ball 1-0: Foul Ball, location: 2F 1-1: Fly out, F5 (Popup, 56)
|
Batting: LHB Jin-yong Myung
|
0-0: Ball 1-0: Called Strike 1-1: Called Strike 1-2: Strikes out swinging
|
Bottom of the 6th over - 0 runs, 0 hits, 0 errors, 0 left on base; Oakland 3 - Wizarding 2 |
TOP OF THE 7TH |
Oakland Oaks batting - Pitching for Wizarding Express : RHP Brian Peeks
|
Batting: RHB Armando Rodríguez
|
0-0: Called Strike 0-1: SOLO HOME RUN (Flyball, 78XD), Distance : 374 ft
|
Batting: RHB Mike Wazowski
|
0-0: SINGLE (Groundball, 6MD)
|
Pitching: RHP Marcos Oquendo
|
|
Batting: RHB Mark Finney
|
0-0: Sac Bunt - play at first, batter OUT! 1-3 Mike Wazowski to second
|
Batting: SHB Luis Luquín
|
0-0: Ball 1-0: Ball 2-0: Ball 3-0: SINGLE (Groundball, 34D) Mike Wazowski to third Runner from 3rd tries for Home, SAFE, no throw
|
Batting: RHB Esteban Vázquez
|
0-0: Called Strike 0-1: Called Strike 0-2: Ball 1-2: Strikes out swinging
|
Batting: RHB Yehonatan Chazan
|
0-0: Called Strike 0-1: Ball Luis Luquín steals 2nd base 1-1: Foul Ball, location: 2F 1-2: Foul Ball, location: 2F 1-2: DOUBLE (Flyball, 78D) Luis Luquín scores
|
Batting: RHB Alfonso Nazario
|
0-0: Ball 1-0: Ball 2-0: Ball 3-0: Called Strike 3-1: DOUBLE (Line Drive, 9LM) Yehonatan Chazan scores
|
Batting: RHB Joseph Papasogli
|
0-0: Foul Ball, location: 2F 0-1: Foul Ball, location: 2F 0-2: Ball 1-2: Ground out 5-3 (Groundball, 56)
|
Top of the 7th over - 4 runs, 5 hits, 0 errors, 1 left on base; Oakland 7 - Wizarding 2 |
BOTTOM OF THE 7TH |
Wizarding Express batting - Pitching for Oakland Oaks : RHP Mal Houser
|
Now at 1B: Randy Contreras
|
|
Batting: SHB Salvador Trevino
|
0-0: Called Strike 0-1: SINGLE (Groundball, 6MD)
|
Batting: LHB António Boccanegra
|
0-0: Ball 1-0: Swinging Strike 1-1: SINGLE (Groundball, 56D) Salvador Trevino to second
|
Batting: RHB Paul Penrice
|
0-0: Ball 1-0: Foul Ball, location: 2F 1-1: Ball 2-1: Ball 3-1: Foul Ball, location: 2F 3-2: Fly out, F5 (Popup, 25F)
|
Batting: LHB José Cuervo
|
0-0: Called Strike 0-1: Fielders Choice at 2nd, 4-6 (Groundball, 4) Salvador Trevino to third
|
Batting: LHB Jesús Lazcano
|
0-0: Ball 1-0: Fly out, F6 (Popup, 6M)
|
Bottom of the 7th over - 0 runs, 2 hits, 0 errors, 2 left on base; Oakland 7 - Wizarding 2 |
TOP OF THE 8TH |
Oakland Oaks batting - Pitching for Wizarding Express : RHP Marcos Oquendo
|
Batting: RHB Colin O'Connell
|
0-0: Ball 1-0: Ground out 6-3 (Groundball, 6)
|
Batting: RHB Armando Rodríguez
|
0-0: Ball 1-0: Called Strike 1-1: Swinging Strike 1-2: Foul Ball, location: 2F 1-2: Ball 2-2: SINGLE (Flyball, 9S)
|
Batting: RHB Mike Wazowski
|
0-0: Foul Ball, location: 2F 0-1: Fly out, F7 (Flyball, 7LSF)
|
Batting: RHB Mark Finney
|
0-0: SINGLE (Line Drive, 7LS) Armando Rodríguez to second
|
Batting: SHB Luis Luquín
|
0-0: Called Strike 0-1: Ground out 1-3 (Groundball, P)
|
Top of the 8th over - 0 runs, 2 hits, 0 errors, 2 left on base; Oakland 7 - Wizarding 2 |
BOTTOM OF THE 8TH |
Wizarding Express batting - Pitching for Oakland Oaks : RHP Mal Houser
|
Batting: RHB Ralph Cranford
|
0-0: Ball 1-0: Ball 2-0: Ball 3-0: Base on Balls
|
Pitching: RHP Dave Stephenson
|
|
Batting: LHB José Corona
|
0-0: Ball 1-0: Fly out, F4 (Flyball, 3D)
|
Batting: LHB Nathan Tanner
|
0-0: Ball 1-0: Ball 2-0: Ball 3-0: Swinging Strike 3-1: Base on Balls Ralph Cranford to second
|
Batting: LHB Jin-yong Myung
|
0-0: Called Strike 0-1: Fly out, F9 (Flyball, 89D) Runner from 2nd tags up, SAFE at 3rd, no throw
|
Batting: SHB Salvador Trevino
|
0-0: Ball 1-0: Fly out, F8 (Flyball, 8LXD)
|
Bottom of the 8th over - 0 runs, 0 hits, 0 errors, 2 left on base; Oakland 7 - Wizarding 2 |
TOP OF THE 9TH |
Oakland Oaks batting - Pitching for Wizarding Express : RHP Marcos Oquendo
|
Batting: RHB Esteban Vázquez
|
0-0: Reached on error, E1 (Groundball, 13)
|
Batting: RHB Yehonatan Chazan
|
0-0: Called Strike 0-1: Ball 1-1: Called Strike 1-2: Foul Ball, location: 2F 1-2: Foul Ball, location: 2F 1-2: 2-RUN HOME RUN (Line Drive, 7LD), Distance : 349 ft
|
Batting: RHB Randy Contreras
|
0-0: Called Strike 0-1: Swinging Strike 0-2: Ball 1-2: Strikes out swinging
|
Batting: RHB Joseph Papasogli
|
0-0: Called Strike 0-1: Foul Ball, location: 2F 0-2: Foul Ball, location: 2F 0-2: Ball 1-2: Foul Ball, location: 2F 1-2: DOUBLE (Line Drive, 7LD)
|
Pitching: RHP Biff Tannen
|
|
Batting: RHB Colin O'Connell
|
0-0: Called Strike 0-1: Called Strike 0-2: Foul Ball, location: 2F 0-2: Ball 1-2: Strikes out swinging
|
Batting: RHB Armando Rodríguez
|
0-0: Ball 1-0: Called Strike 1-1: Ball 2-1: Fly out, F7 (Flyball, 7LSF)
|
Top of the 9th over - 2 runs, 2 hits, 1 error, 1 left on base; Oakland 9 - Wizarding 2 |
BOTTOM OF THE 9TH |
Wizarding Express batting - Pitching for Oakland Oaks : RHP Dave Stephenson
|
Batting: LHB António Boccanegra
|
0-0: Called Strike 0-1: Ground out 4-3 (Groundball, 4)
|
Batting: RHB Paul Penrice
|
0-0: Ball 1-0: Ball 2-0: Ground out 6-3 (Groundball, 6)
|
Pinch Hitting: RHB Panas Pletnev
|
0-0: Ball 1-0: Called Strike 1-1: Foul Ball, location: 2F 1-2: Foul Ball, location: 2F 1-2: Ball 2-2: Foul Ball, location: 2F 2-2: Fly out, F4 (Line Drive, 4M)
|
Bottom of the 9th over - 0 runs, 0 hits, 0 errors, 0 left on base; Oakland 9 - Wizarding 2 |
|